 Dungeon Crawl Stone Soup version 0.23.1 (webtiles) character file.

Game seed: 18385466298403407582

935 Peloso the Shield-Bearer (level 7, -6/62 HPs)
             Began as a Minotaur Fighter on Mar 9, 2019.
             Was an Initiate of Okawaru.
             Mangled by an unseen horror (8 damage)
             ... on level 6 of the Dungeon.
             The game lasted 00:07:29 (3784 turns).

Peloso the Shield-Bearer (Minotaur Fighter)         Turns: 3784, Time: 00:07:29

Health: -6/62      AC: 10    Str: 21    XL:     7   Next: 87%
Magic:  6/6        EV:  7    Int:  5    God:    Okawaru [......]
Gold:   321        SH: 10    Dex: 11    Spells: 6/6 levels left

rFire    . . .     SeeInvis .   a - +0 long sword
rCold    . . .     Gourm    .   c - +0 shield
rNeg     . . .     Faith    .   o - +0 chain mail
rPois    .         Spirit   .   (helmet restricted)
rElec    .         Reflect  .   (no cloak)
rCorr    .         Harm     .   (no gloves)
MR       .....                  (no boots)
Stlth    ..........             (no amulet)
HPRegen  0.20/turn              (no ring)
MPRegen  0.10/turn              (no ring)

@: no status effects
A: retaliatory headbutt, horns 2
a: Renounce Religion


You were on level 6 of the Dungeon.
You worshipped Okawaru.
Okawaru was noncommittal.
You were not hungry.

You visited 2 branches of the dungeon, and saw 6 of its levels.

You collected 321 gold pieces.

Inventory:

Hand Weapons
 a - a +0 long sword (weapon)
Armour
 b - a +0 scale mail
 c - a +0 shield (worn)
 o - a +0 chain mail (worn)
Wands
 p - a wand of flame (4)
Scrolls
 g - 10 scrolls of remove curse
 h - a scroll of amnesia {unknown}
 j - 3 scrolls of magic mapping {unknown}
 k - a scroll of enchant armour {unknown}
 m - a scroll of immolation {unknown}
 n - a scroll of identify {unknown}
 s - a scroll of enchant weapon {unknown}
 t - a scroll of teleportation {unknown}
 u - a scroll of blinking {unknown}
Potions
 d - 2 potions of might
 e - a potion of magic {unknown}
 i - a potion of agility {unknown}
 l - 2 potions of lignification {unknown}
 r - a potion of heal wounds {unknown}
Comestibles
 f - 6 rations


   Skills:
 + Level 5.8 Fighting
 + Level 6.1 Long Blades
 + Level 6.1 Armour
 + Level 2.3 Dodging
 + Level 0.3 Stealth
 + Level 6.5 Shields


You had 6 spell levels left.
You didn't know any spells.
Your spell library was empty.

Dungeon Overview and Level Annotations

Branches:
Dungeon (6/15)             Temple (1/1) D:6

Altars:
Elyvilon
Fedhas
Hepliaklqana
Kikubaaqudgha
Makhleb
Okawaru
Qazlal
Ru
Sif Muna
Vehumet
Wu Jian
Zin


Innate Abilities, Weirdness & Mutations

You reflexively headbutt those who attack you in melee.
You have a pair of horns on your head.


Message History

Something hits you but does no damage.
Your chain mail prevents you from hitting something.
Your headbutt misses something. You block something's attack.
You closely miss something. Something hits you but does no damage.
You block something's attack. Something hits you but does no damage.
You hit something. Your headbutt misses something. Something hits you.
An ice beast comes into view.
Something hits you but does no damage.
Items here: % ( ))) [[[[ ÷ †† Something completely misses you.
Something hits you!
* * * LOW HITPOINT WARNING * * *
You closely miss something. Something hits you but does no damage.
Something hits you.
* * * LOW HITPOINT WARNING * * *
You hit something but do no damage. Something hits you but does no damage.
Something hits you.
* * * LOW HITPOINT WARNING * * *
Something hits you!
You die...

#.# #.# #....... . ##
#.### #......# ..
..#... #......#
#..##.#.?# #......#
....#..# .# #......#
#....# #.#.#......#
#..).####.#.#......#
#....{@.#.#.# ## #.#
#...###[#.#.#..# #)#
#.#.. #)#...#..#.#)####
#.#.#.#.#......#.#.....
#.#...#........#.#.....
# ##. ###......#.#.....
. #................
#(#.#............#.
#.#.#...Y...#....#.


There were no monsters in sight!

Vanquished Creatures
  Grinder (D:3)
  Sigmund (D:3)
  A phantom (D:4)
  A bullfrog (D:6)
  An orc priest (D:4)
  A bullfrog skeleton (D:4)
  An orc wizard (D:3)
  Natasha (thrice) (D:3)
  3 gnolls (D:6)
  8 adders
  2 worms
  2 dart slugs
  3 leopard geckos
  19 orcs
  A ball python (D:1)
  5 bats
  4 giant cockroaches
  6 goblins
  8 hobgoblins
  13 jackals
  4 quokkas
  6 frilled lizards
  A jackal skeleton (D:4)
  8 kobolds
  A leopard gecko skeleton (D:4)
  3 quokka skeletons
  19 rats
126 creatures vanquished.

Vanquished Creatures (others)
  An orc wizard (D:3)
1 creature vanquished.

Grand Total: 127 creatures vanquished

Notes
Turn   | Place    | Note
-------+----------+-------------------------------------------
     0 | D:1      | Peloso the Minotaur Fighter began the quest for the Orb.
     0 | D:1      | Reached XP level 1. HP: 19/19 MP: 0/0
    61 | D:1      | Reached XP level 2. HP: 24/27 MP: 1/1
   280 | D:1      | Reached XP level 3. HP: 33/33 MP: 2/2
   847 | D:2      | Reached XP level 4. HP: 15/40 MP: 3/3
  2027 | D:3      | Noticed Grinder
  2041 | D:3      | Killed Grinder
  2041 | D:3      | Reached skill level 1 in Dodging
  2041 | D:3      | Reached skill level 5 in Shields
  2041 | D:3      | Reached XP level 5. HP: 22/47 MP: 4/4
  2041 | D:3      | Reached XP level 6. HP: 26/55 MP: 5/5
  2272 | D:3      | Reached skill level 5 in Fighting
  2303 | D:3      | Reached skill level 5 in Armour
  2577 | D:3      | Noticed Natasha
  2589 | D:3      | Killed Natasha
  2601 | D:3      | Reached skill level 5 in Long Blades
  2690 | D:3      | Noticed Natasha
  2757 | D:3      | Killed Natasha
  2846 | D:3      | Noticed Sigmund
  2858 | D:3      | Killed Sigmund
  2858 | D:3      | Reached XP level 7. HP: 27/61 MP: 6/6
  3042 | D:3      | Noticed Natasha
  3047 | D:3      | Killed Natasha
  3393 | D:4      | Found a deep blue altar of Sif Muna.
  3393 | D:4      | Found a glowing silver altar of Zin.
  3393 | D:4      | Found an ornate altar of the Wu Jian Council.
  3477 | D:4      | You fall through a shaft for 2 floors!
  3526 | D:6      | Found a staircase to the Ecumenical Temple.
  3535 | Temple   | Entered the Ecumenical Temple
  3589 | Temple   | Became a worshipper of Warmaster Okawaru
  3784 | D:6      | HP: 2/62 [something (5)]
  3784 | D:6      | Mangled by an unseen horror

Skill      XL: |  1  2  3  4  5  6  7 |
---------------+----------------------+-----
Shields        | 4 5 6 |  6.5
Fighting       | 4 5 |  5.8
Long Blades    | 3 4 5 6 |  6.1
Armour         | 4 5 6 |  6.1
Dodging        | 1 2 |  2.3
Stealth        | |  0.3

Action                   |  1- 3 |  4- 6 |  7- 9 || total
-------------------------+-------+-------+-------++-------
Melee: Long sword        |    95 |   152 |   107 ||   354
       Headbutt          |    24 |    20 |    21 ||    65
  Use: Scroll            |       |       |     1 ||     1
  Eat: Chunk             |       |     7 |     3 ||    10
Armor: Scale mail        |    53 |    44 |       ||    97
       Chain mail        |       |    16 |    58 ||    74
Dodge: Dodged            |    29 |    36 |    32 ||    97
Block: Shield            |    49 |    72 |    72 ||   193
       Rpst.: Long sword |     5 |     8 |     9 ||    22
